 Dungeon Crawl Stone Soup version 0.19.0-20-gbc5f0c6 (webtiles) character file.

352 Larett the Covered (level 6, -6/34 HPs)
             Began as a Gargoyle Artificer on Nov 16, 2016.
             Mangled by an ogre
             ... wielding a +0 giant club
              (14 damage)
             ... on level 4 of the Dungeon.
             The game lasted 00:07:30 (3983 turns).

Larett the Covered (Gargoyle Artificer)             Turns: 3983, Time: 00:07:31

Health: -6/34      AC: 11    Str: 15    XL:     6   Next: 62%
Magic:  8/8        EV: 11    Int: 12    God:
Gold:   140        SH:  0    Dex: 12    Spells: 0 memorised, 5 levels left

rFire  . . .     SeeInvis +     a - +0 short sword
rCold  . . .     Gourm    .     C - +0 ring mail
rNeg   + . .     Faith    .     (no shield)
rPois  ∞         Spirit   .     (no helmet)
rElec  +         Reflect  .     (no cloak)
rCorr  .         Harm     .     (no gloves)
MR     .....                    (no boots)
Stlth  +.........               (no amulet)
                                (no ring)
                                p - ring of see invisible

@: no status effects
A: negative energy resistance 1, electricity resistance, unbreathing,
petrification resistance, rot immunity, AC +4
a: no special abilities


You were on level 4 of the Dungeon.
You were not hungry.

You visited 1 branch of the dungeon, and saw 4 of its levels.

You collected 140 gold pieces.

Inventory:

Hand Weapons
 a - a +0 short sword (weapon)
Missiles
 h - 40 bolts
 i - 9 arrows
 j - 198 stones (quivered)
 m - 31 sling bullets
 n - 17 poisoned needles
 v - 4 javelins of penetration
 B - 6 tomahawks
Armour
 C - a +0 ring mail (worn)
Jewellery
 p - a ring of see invisible (left hand)
 D - an uncursed ring of wizardry
Wands
 c - a wand of flame (10/48)
 d - a wand of enslavement (13/24)
 e - a wand of random effects (15/48)
 x - a wand of iceblast (8/15)
Scrolls
 g - a scroll of remove curse
 q - 2 scrolls of teleportation {unknown}
 s - a scroll of enchant weapon {unknown}
 t - a scroll of amnesia {unknown}
 u - a scroll of immolation {unknown}
 y - a scroll of enchant armour {unknown}
Potions
 b - 2 potions of agility {unknown}
 k - 2 potions of brilliance
 l - 2 potions of flight {unknown}
 o - a potion of ambrosia {unknown}
 r - a potion of lignification {unknown}
 w - 2 potions of cancellation {unknown}
Comestibles
 f - 3 bread rations
 z - a beef jerky
 E - a meat ration


   Skills:
 - Level 1.1 Fighting
 - Level 0.8 Short Blades
 + Level 7.0 Armour
 - Level 1.5 Dodging
 - Level 1.1 Stealth
 - Level 2.6 Evocations


You had 5 spell levels left.
You didn't know any spells.

Dungeon Overview and Level Annotations

Branches:
Dungeon (4/15)
 Temple: D:4-7

Altars:
Okawaru


Innate Abilities, Weirdness & Mutations

You are resistant to torment.
Your stone body is resilient. (AC +4)
You are immune to poison.
You resist negative energy. (rN+)
You are resistant to electric shocks. (rElec)
You can survive without breathing.
You are immune to petrification.
You are immune to rotting.


Message History

You hit the ogre.
The ogre is heavily wounded.
The ogre hits you with a giant club!
You barely miss the ogre.
The ogre is heavily wounded.
The ogre barely misses you.
You closely miss the ogre.
The ogre is heavily wounded.
The ogre barely misses you.
You hit the ogre but do no damage.
The ogre is heavily wounded.
The ogre barely misses you.
You hit the ogre but do no damage.
The ogre is heavily wounded.
The ogre hits you with a giant club!
* * * LOW HITPOINT WARNING * * *
You hit the ogre.
The ogre is heavily wounded.
The ogre hits you with a giant club!
You die...

#+######+##...
.............#
.............#
.............#
.!.....P.....
......PP..
##..P.#+###
#..O9....[#
#.........#...#
#.........#...+....≈≈
#........P#...#...≈≈≈
##..##....#...##..≈≈≈
### #..PP#...##.....
#..PP.....#.....
+.........#.....
#.........#.....


You could see an ogre.

Vanquished Creatures
  A scorpion (D:4)
  A bullfrog zombie (D:4)
  A centaur zombie (D:4)
  An orc priest (D:2)
  A bullfrog skeleton (D:4)
  A hound zombie (D:4)
  4 adders
  3 gnolls
  An ooze (D:3)
  An adder zombie (D:4)
  A worm (D:3)
  A dart slug (D:4)
  A leopard gecko (D:3)
  3 orcs
  A giant cockroach (D:1)
  7 hobgoblins
  8 jackals
  A ball python (D:1)
  7 bats
  4 frilled lizards
  9 goblins
  3 kobolds
  A leopard gecko zombie (D:4)
  12 rats
74 creatures vanquished.

Vanquished Creatures (collateral kills)
  An orc wizard (D:3)
1 creature vanquished.

Vanquished Creatures (others)
  A hobgoblin (D:1)
1 creature vanquished.

Grand Total: 76 creatures vanquished

Notes
Turn   | Place    | Note
-------+----------+-------------------------------------------
     0 | D:1      | Larett the Gargoyle Artificer began the quest for the Orb.
     0 | D:1      | Reached XP level 1. HP: 12/12 MP: 2/2
    92 | D:1      | Reached skill level 1 in Armour
   227 | D:1      | Reached XP level 2. HP: 12/16 MP: 4/4
   341 | D:1      | Reached skill level 2 in Armour
   631 | D:1      | Reached XP level 3. HP: 19/20 MP: 5/5
   720 | D:1      | Reached skill level 3 in Armour
  1095 | D:2      | Reached XP level 4. HP: 19/25 MP: 6/6
  1224 | D:2      | Reached skill level 4 in Armour
  1559 | D:3      | HP: 5/25 [orc wizard/dagger (2)]
  1594 | D:2      | HP: 5/25 [orc priest/club (1)]
  1595 | D:2      | Reached XP level 5. HP: 6/29 MP: 7/7
  2004 | D:3      | Reached skill level 5 in Armour
  2230 | D:3      | Found an iron altar of Okawaru.
  3199 | D:4      | HP: 5/29 [scorpion (5)]
  3201 | D:4      | Reached skill level 6 in Armour
  3201 | D:4      | Reached XP level 6. HP: 6/34 MP: 8/8
  3811 | D:4      | Reached skill level 7 in Armour
  3983 | D:4      | Mangled by an ogre

Skill      XL: |  1  2  3  4  5  6 |
---------------+-------------------+-----
Armour         | 1 2 3 4 6 7 |  7.0
Fighting       | |  1.1
Short Blades   | |  0.8
Dodging        | |  1.5
Stealth        | |  1.1
Evocations     | |  2.6

Action                   |  1- 3 |  4- 6 || total
-------------------------+-------+-------++-------
Melee: Short sword       |   118 |   306 ||   424
Evoke: Wand              |     1 |     6 ||     7
  Use: Scroll            |     2 |     1 ||     3
 Stab: Sleeping          |     4 |       ||     4
       Distracted        |       |     1 ||     1
  Eat: Chunk             |     1 |     9 ||    10
Armor: Leather armour    |    56 |    66 ||   122
       Ring mail         |       |    87 ||    87
Dodge: Dodged            |    56 |   221 ||   277
